 Dungeon Crawl Stone Soup version 0.30.0-20-g3b4254fcbd (webtiles) character file.

Game seed: 13096742490455116103

246 jagang the Cutter (level 6, 0/36 HPs)
             Began as an Octopode Earth Elementalist on June 2, 2023.
             Slain by Terence
             ... wielding a +0 flail
              (5 damage)
             ... on level 3 of the Dungeon.
             The game lasted 00:09:18 (2467 turns).

jagang the Cutter (Octopode Earth Elementalist)     Turns: 2467, Time: 00:09:18

Health: 0/36       AC:  1    Str:  8    XL:     6   Next: 11%
Magic:  2/10       EV: 13    Int: 19    God:
Gold:   100        SH:  0    Dex: 12    Spells: 10/11 levels left

rFire   . . .        d - +0 short sword (vamp)
rCold   . . .        (no shield)
rNeg    . . .        (helmet restricted)
rPois   .            (no amulet)
rElec   .            (no ring)
rCorr   .            (no ring)
SInv    .            (no ring)
Will    .....        (no ring)
Stlth   +++          (no ring)
HPRegen 0.26/turn    (no ring)
MPRegen 0.12/turn    (no ring)
                     (no ring)

%: no passive effects
@: studying Short Blades
A: almost no armour, amphibious, 8 rings, camouflage 1, gelatinous body 1,
(nimble swimmer 1), tentacles
a: no special abilities


You were on level 3 of the Dungeon.
You visited 1 branch of the dungeon, and saw 3 of its levels.

You collected 100 gold pieces.

Inventory:

Hand Weapons
 d - a +0 vampiric short sword (weapon)
Missiles
 g - 3 throwing nets
Scrolls
 b - a scroll of blinking {unknown}
 c - a scroll of enchant weapon {unknown}
 i - 2 scrolls of immolation {unknown}
 l - a scroll of amnesia {unknown}
 n - 2 scrolls of fog {unknown}
 o - a scroll of teleportation {unknown}
 q - a scroll of identify {unknown}
Potions
 a - a potion of magic
 e - 2 potions of heal wounds {unknown}
 f - a potion of ambrosia {unknown}
 h - 2 potions of curing
 j - a potion of mutation {unknown}
 k - a potion of resistance {unknown}
 m - a potion of brilliance {unknown}
 p - a potion of cancellation {unknown}


   Skills:
 * Level 4.7 Short Blades
 + Level 3.1 Dodging
 - Level 3.0 Stealth
 - Level 1.0 Unarmed Combat
 + Level 3.0 Spellcasting
 - Level 1.0 Transmutations
 + Level 3.9 Earth Magic


You had 10 spell levels left.
You knew the following spells:

 Your Spells              Type           Power      Damage    Failure   Level
a - Sandblast             Erth           36%        2d10      3%          1

Your spell library contained the following spells:

 Spells                   Type           Power      Damage    Failure   Level
 Passwall                 Tmut/Erth      10%        N/A       9%          2
 Stone Arrow              Conj/Erth      20%        3d8       21%         3
 Ensorcelled Hibernation  Hex/Ice        4%         N/A       22%         2
 Spider Form              Tmut/Pois      4%         N/A       36%         3
 Petrify                  Tmut/Erth      12%        N/A       47%         4
 Anguish                  Hex/Necr       1%         N/A       83%         4


Dungeon Overview and Level Annotations

Branches:
Dungeon (3/15)

Altars:
Zin

Annotations:
D:3 Terence


Innate Abilities, Weirdness & Mutations

You cannot wear most types of armour.
You are amphibious.
You can wear up to eight rings at the same time.
Your skin changes colour to match your surroundings (Stealth+).
Your rubbery body absorbs attacks. (AC +1, EV +1)
((You are camouflaged when in or above water. (Stealth+)))
You have tentacles for arms and can constrict up to eight enemies at once.


Message History

You constrict Terence, but do no damage.
You hit Terence but do no damage. You squeeze Terence, but do no damage.
Terence is heavily wounded.
You constrict Terence, but do no damage.
Terence hits you with a +0 flail.
You hit Terence but do no damage. You squeeze Terence, but do no damage.
Terence is heavily wounded.
You constrict Terence, but do no damage.
Terence looks scornfully at you. Terence closely misses you.
You are too injured to fight recklessly!
Casting: Sandblast (safe; 3% risk of failure)
Confirm with . or Enter, or press ? or * to list all spells.
Aiming: Sandblast (safe; 3% risk of failure)
Press: ? - help, Shift-Dir - straight line, f/p - Terence
Aim: Terence, wielding a +0 flail and wearing a +0 chain mail (heavily wounded, constricted by you, slightly transparent, haloed, 100% to hit)
The blast of sand hits Terence but does no damage.
Terence is heavily wounded.
You constrict Terence. Terence misses you. Terence completely misses you.
You hit Terence but do no damage.
Terence is heavily wounded.
You constrict Terence. You hit Terence.
You feel better.
Terence is severely wounded.
You constrict Terence. Terence closely misses you.
You hit Terence but do no damage.
Terence is almost dead.
You constrict Terence, but do no damage.
Terence hits you with a +0 flail!
* * * LOW HITPOINT WARNING * * *
Casting: Sandblast (safe; 3% risk of failure)
Confirm with . or Enter, or press ? or * to list all spells.
Aiming: Sandblast (safe; 3% risk of failure)
Press: ? - help, Shift-Dir - straight line, f/p - Terence
Aim: Terence, wielding a +0 flail and wearing a +0 chain mail (almost dead, constricted by you, slightly transparent, haloed, 100% to hit)
The blast of sand hits Terence.
Terence is almost dead.
You constrict Terence, but do no damage.
Terence hits you with a +0 flail.
You die...

#. .. #. #. #.
#.############
#............#
#.@#########.#
##@# ######.#
...
#......######
.....
#####..†.....
###...#
#.#######
#A#.._# #.#
####### #.#
#.# #.#


You could see an angel and Terence (invisible).

Vanquished Creatures
  Jessica (D:3)
  Natasha (thrice) (D:2)
  7 gnolls (D:2)
  An adder (D:2)
  A worm (D:2)
  A dart slug (D:1)
  An orc (D:3)
  5 ball pythons
  7 endoplasms
  2 giant cockroaches (D:1)
  4 goblins
  3 hobgoblins
  5 jackals
  3 quokkas (D:2)
  6 bats (D:1)
  3 frilled lizards (D:1)
  6 kobolds
  7 rats
66 creatures vanquished.

Notes
Turn   | Place    | Note
-------+----------+-------------------------------------------
     0 | D:1      | jagang the Octopode Earth Elementalist began the quest for
                  | the Orb.
     0 | D:1      | Reached XP level 1. HP: 11/11 MP: 3/3
   190 | D:1      | Reached XP level 2. HP: 16/17 MP: 0/5
   263 | D:1      | Reached skill level 1 in Unarmed Combat
   569 | D:1      | Reached skill level 1 in Short Blades
   569 | D:1      | Reached XP level 3. HP: 21/21 MP: 3/6
  1160 | D:2      | Found a faded altar of an unknown god.
  1199 | D:2      | Reached skill level 2 in Short Blades
  1199 | D:2      | Reached XP level 4. HP: 27/27 MP: 2/7
  1372 | D:2      | Noticed Natasha
  1380 | D:2      | Killed Natasha
  1381 | D:2      | Reached skill level 3 in Short Blades
  1463 | D:2      | Noticed Natasha
  1484 | D:2      | Killed Natasha
  1485 | D:2      | Reached XP level 5. HP: 20/31 MP: 5/9
  1511 | D:2      | Noticed Natasha
  1521 | D:2      | Killed Natasha
  1950 | D:2      | Reached skill level 4 in Short Blades
  2256 | D:3      | Noticed Jessica
  2260 | D:3      | Killed Jessica
  2261 | D:3      | Reached XP level 6. HP: 36/36 MP: 10/10
  2450 | D:3      | Noticed an angel
  2450 | D:3      | Noticed Terence
  2451 | D:3      | Found a glowing silver altar of Zin.
  2467 | D:3      | Slain by Terence

Illustrated notes

Levels and vault maps discovered:
D:1:      minmay_arrival_shattered_statue, layout_basic
D:2:      layout_loops_ring, nicolae_ecumenical_pavilion, nrook_loot_triangle,
          uniq_natasha
D:3:      layout_loops_ring, zin_angel, uniq_terence, uniq_robin, uniq_jessica

Skill      XL: |  1  2  3  4  5 |
---------------+----------------+-----
Stealth        | 3 |  3.0
Unarmed Combat | 1 |  1.0
Short Blades   | 1 2 3 4 |  4.7
Dodging        | 3 |  3.1
Spellcasting   | 3 |  3.0
Transmutations | |  1.0
Earth Magic    | |  3.9

Action                     |  1- 3 |  4- 6 || total
---------------------------+-------+-------++-------
  Melee: Short sword       |    22 |    23 ||    45
         Constrict         |     3 |     5 ||     8
         Tentacles         |     3 |     7 ||    10
   Cast: Sandblast         |    33 |    64 ||    97
   Stab: Sleeping          |     5 |     3 ||     8
 Armour: Skin              |     6 |     1 ||     7
  Dodge: Dodged            |    33 |    22 ||    55
